 Dungeon Crawl Stone Soup version 0.20-a0-1122-gb7cbeb9 (webtiles) character file.

471 relicbr the Firebug (level 7, -1/41 HPs)
             Began as an Octopode Fire Elementalist on May 10, 2017.
             Killed from afar by Blork the orc (11 damage)
             ... with a puff of flame
             ... on level 4 of the Dungeon.
             The game lasted 00:16:01 (5321 turns).

relicbr the Firebug (Octopode Fire Elementalist)    Turns: 5321, Time: 00:16:02

Health: -1/41      AC:  1    Str:  8    XL:     7   Next: 9%
Magic:  0/19       EV: 13    Int: 19    God:
Gold:   270        SH:  0    Dex: 12    Spells: 2/10 levels left

rFire    . . .     SeeInvis .   e - +0 short sword
rCold    . . .     Gourm    .   (no shield)
rNeg     . . .     Faith    .   (helmet restricted)
rPois    .         Spirit   .   (no amulet)
rElec    .         Reflect  .   d - ring of magical power
rCorr    .         Harm     .   q - ring of flight
MR       .....                  (no ring)
Stlth    +++.......             (no ring)
Regen    0.2/turn               (no ring)
MPRegen  0.2/turn               (no ring)
                                (no ring)
                                (no ring)

@: very slightly contaminated
A: almost no armour, stealthy swim, amphibious, 8 rings, constrict 8, camouflage
1, gelatinous body 1
a: Evoke Flight


You were on level 4 of the Dungeon.
You were very hungry.

You visited 1 branch of the dungeon, and saw 4 of its levels.

You collected 270 gold pieces.

Inventory:

Hand Weapons
 e - a +0 short sword (weapon)
Jewellery
 d - a ring of magical power (left tentacle)
 q - a ring of flight (right tentacle)
Wands
 p - a wand of confusion (24/48)
Scrolls
 f - 3 scrolls of teleportation
 j - a scroll of recharging
 k - a scroll of magic mapping
 m - a scroll of enchant armour
Potions
 c - a potion of might
 h - a potion of flight
 i - a potion of degeneration {unknown}
 l - a potion of heal wounds {unknown}
 o - 2 potions of curing
 r - a potion of cancellation {unknown}
Books
 a - a book of Flames

   Spells                             Type                      Level
   a - Flame Tongue                   Conjuration/Fire             1
   b - Throw Flame                    Conjuration/Fire             2
   c - Conjure Flame                  Conjuration/Fire             3
   d - Inner Flame                    Hexes/Fire                   3
   e - Sticky Flame                   Conjuration/Fire             4
   f - Fireball                       Conjuration/Fire             5
Comestibles
 b - 2 bread rations
 g - a meat ration
 n - 3 royal jellies


   Skills:
 - Level 2.0 Dodging
 - Level 2.6 Stealth
 - Level 2.0 Spellcasting
 * Level 1.8 Conjurations
 * Level 7.6 Fire Magic


You had 2 spell levels left.
You knew the following spells:

 Your Spells              Type           Power        Failure   Level  Hunger
a - Flame Tongue          Conj/Fire      ###..        2%          1    #......
b - Conjure Flame         Conj/Fire      ###.....     7%          3    ###....
c - Sticky Flame          Conj/Fire      ###.....     24%         4    #####..


Dungeon Overview and Level Annotations

Branches:
Dungeon (4/15)
 Temple: D:4-7

Altars:
Fedhas
Qazlal
The Shining One

Annotations:
D:4 Blork the orc


Innate Abilities, Weirdness & Mutations

You cannot wear most types of armour.
You are very stealthy in the water. (Stealth+)
You are amphibious.
You can wear up to eight rings at the same time.
You can use your tentacles to constrict eight enemies at once.
Your skin changes colour to match your surroundings (Stealth+).
Your rubbery body absorbs attacks. (AC +1, EV +1)


Message History

Blork the orc hits you with a hand axe!
* * * LOW HITPOINT WARNING * * *
Casting: Sticky Flame
Confirm with . or Enter, or press ? or * to list all spells.
Okay, then.
Unknown command.
Unknown command.
Okay, then.
You feel better. Blork the orc hits you with a hand axe.
* * * LOW HITPOINT WARNING * * *
Casting: Sticky Flame
Confirm with . or Enter, or press ? or * to list all spells.
Aiming: Flame Tongue
Press: ? - help, Shift-Dir - straight line, f/p - Blork the orc
Aim: Blork the orc, wielding a hand axe and wearing a robe (severely wounded)
The flame tongue hits Blork the orc.
Blork the orc is almost dead.
Blork the orc points at you and mumbles some strange words.
The puff of flame hits you!
You die...

#........#
#########.###.##.#
#.........##...#..
#.#########.....##
#.# ##...## #.#
##.#### #.# #...?.
#.# #.##.. ##@#
#####' #.o# #♣..
#.## #... #.# #♣..
#.# #... #....?...
###_ #.#...### ##
#.##.## #.# ##


You could see Blork the orc.

Vanquished Creatures
  A bullfrog (D:4)
  A scorpion (D:4)
  A howler monkey (D:4)
  An orc priest (D:3)
  3 worker ants (D:4)
  11 adders
  An ooze (D:4)
  8 worms
  2 dart slugs
  3 leopard geckos
  3 orcs (D:3)
  6 giant cockroaches
  6 goblins
  3 hobgoblins (D:1)
  11 jackals
  3 quokkas
  2 ball pythons (D:2)
  11 bats
  7 frilled lizards
  7 kobolds
  9 rats
100 creatures vanquished.

Notes
Turn   | Place    | Note
-------+----------+-------------------------------------------
     0 | D:1      | relicbr the Octopode Fire Elementalist began the quest for the Orb.
     0 | D:1      | Reached XP level 1. HP: 11/11 MP: 3/3
   386 | D:1      | Reached XP level 2. HP: 14/17 MP: 3/5
   788 | D:1      | Reached skill level 4 in Fire Magic
  1014 | D:1      | Reached XP level 3. HP: 21/21 MP: 6/6
  1485 | D:2      | Learned a level 3 spell: Conjure Flame
  1889 | D:2      | Reached XP level 4. HP: 14/27 MP: 7/7
  2157 | D:2      | Reached skill level 5 in Fire Magic
  2173 | D:2      | Found a blossoming altar of Fedhas.
  2591 | D:2      | Reached XP level 5. HP: 31/31 MP: 7/8
  3283 | D:3      | Reached skill level 6 in Fire Magic
  3396 | D:3      | Learned a level 4 spell: Sticky Flame
  3970 | D:3      | Found a stormy altar of Qazlal.
  4017 | D:3      | Reached XP level 6. HP: 29/36 MP: 9/9
  4497 | D:4      | Reached skill level 7 in Fire Magic
  4934 | D:4      | Found a glowing golden altar of the Shining One.
  5133 | D:4      | Reached XP level 7. HP: 41/41 MP: 10/10
  5305 | D:4      | Noticed Blork the orc
  5321 | D:4      | Killed from afar by Blork the orc

Vault maps used:
D:1:      lightli_arrival_maybe_door_vault, st_stairs_10
D:2:      fedhas_altar_2
D:3:      nicolae_qazlal_general_emergency
D:4:      tso_altar, uniq_blork_the_orc

Skill      XL: |  1  2  3  4  5  6 |
---------------+-------------------+-----
Fire Magic     | 4 5 6 7 |  7.6
Dodging        | |  2.0
Stealth        | |  2.6
Spellcasting   | |  2.0
Conjurations   | |  1.8

Action                   |  1- 3 |  4- 6 |  7- 9 || total
-------------------------+-------+-------+-------++-------
Melee: Unarmed           |    11 |       |       ||    11
       Dagger            |     5 |       |       ||     5
       Constrict         |    12 |    18 |       ||    30
       Tentacles         |     6 |     5 |       ||    11
       Short sword       |    35 |    68 |       ||   103
 Cast: Flame Tongue      |    46 |   106 |     8 ||   160
       Conjure Flame     |     1 |    11 |     1 ||    13
       Sticky Flame      |       |     2 |     1 ||     3
  Use: Scroll            |       |     8 |       ||     8
       Potion            |       |       |     1 ||     1
 Stab: Sleeping          |     3 |     4 |       ||     7
  Eat: Chunk             |     4 |    12 |     1 ||    17
Armor: Skin              |     7 |    13 |       ||    20
Dodge: Dodged            |    31 |    58 |       ||    89
